 Dungeon Crawl Stone Soup version 0.29.0-11-gd7f09526c8 (webtiles) character file.

Game seed: 16784228083366787921

3131 Pooter the Ruffian (level 9, -1/72 (75) HPs)
             Began as a Troll Transmuter on Sept 2, 2022.
             Was a Believer of Hepliaklqana.
             Slain by a wight
             ... wielding a +2 scimitar
              (2 damage)
             ... on level 7 of the Dungeon.
             The game lasted 00:39:12 (5429 turns).

Pooter the Ruffian (Troll Transmuter)               Turns: 5429, Time: 00:39:12

HP:   -1/72 (75)    AC: 11    Str: 22    XL:     9   Next: 61%
MP:   19/21         EV:  9    Int: 11    God:    Hepliaklqana [**....]
Gold: 262           SH:  0    Dex: 10    Spells: 5/14 levels left

rFire   . . .      SeeInvis .     - Unarmed
rCold   + . .      Faith    +   (no shield)
rNeg    . . .      Spirit   .   z - +2 robe {rC+}
rPois   .          Reflect  .   (helmet restricted)
rElec   .          Harm     .   w - +0 cloak
rCorr   .          Rampage  .   (gloves unavailable)
Will    .....                   (boots unavailable)
Stlth   +.........              s - amulet of faith {!P}
HPRegen 1.02/turn               f - +4 ring of protection
MPRegen 0.17/turn               L - ring of magical power

@: lethally poisoned (-1 -> -3), wereblooded, lightly drained
A: reduced essence, large, unfitting armour, claws 3, regeneration 1, shaggy fur
1, tough skin 1
a: Renounce Religion, Recall Ancestor, Ancestor Identity


You were on level 7 of the Dungeon.
You worshipped Hepliaklqana.
Hepliaklqana was pleased with you.
You visited 2 branches of the dungeon, and saw 8 of its levels.
You also visited: Sewer.

You collected 262 gold pieces.

Inventory:

Hand Weapons
 b - a +0 arbalest
   (You took it off an orc warrior on level 7 of the Dungeon)
 p - a +2 short sword of freezing
   (You took it off Duvessa on level 6 of the Dungeon)
 B - a +0 halberd
   (You took it off a gnoll on level 5 of the Dungeon)
 C - a +3 flail
   (You took it off a gnoll on level 5 of the Dungeon)
Missiles
 a - 2 throwing nets {!f}
 M - 5 datura-tipped darts
 Q - 29 stones (quivered)
Armour
 w - a +0 cloak (worn)
   (You found it on level 4 of the Dungeon)
 z - a +2 robe of cold resistance (worn)
   (You took it off Sigmund on level 5 of the Dungeon)
Jewellery
 e - a ring of fire
   (You found it on level 1 of the Dungeon)
 f - a +4 ring of protection (left claw)
   (You found it on level 1 of the Dungeon)
 s - an amulet of faith (around neck) {!P}
   (You found it on level 3 of the Dungeon)
 G - an amulet of guardian spirit
   (You found it on level 1 of the Dungeon)
 I - a ring of protection from cold
   (You found it on level 5 of the Dungeon)
 L - a ring of magical power (right claw)
   (You found it on level 6 of the Dungeon)
Wands
 l - a wand of roots (6)
   (You found it on level 6 of the Dungeon)
Scrolls
 d - 4 scrolls of fog
 k - 6 scrolls of noise {!r}
 o - a scroll of silence {unknown}
 q - a scroll of brand weapon {unknown}
 x - a scroll of fear
 A - a scroll of magic mapping
 D - a scroll of immolation {!r}
 J - a scroll of vulnerability {unknown}
Potions
 c - a potion of cancellation {unknown}
 g - a potion of brilliance {unknown}
 h - a potion of berserk rage
 i - 6 potions of lignification {!q}
 j - a potion of mutation {unknown}
 m - 2 potions of magic
 n - 4 potions of flight
 r - a potion of attraction {unknown}
 t - 4 potions of haste {@q3}
 E - a potion of invisibility {unknown}
 F - a potion of might {unknown}
 H - 4 potions of curing {@q1}
 K - a potion of resistance {unknown}


   Skills:
 + Level 4.1 Fighting
 + Level 1.5 Ranged Weapons
 - Level 1.5 Dodging
 * Level 7.8 Unarmed Combat
 + Level 3.3 Spellcasting
 + Level 4.1 Transmutations
 + Level 2.6 Poison Magic
 + Level 3.6 Invocations
 + Level 2.5 Evocations


You had 5 spell levels left.
You knew the following spells:

 Your Spells              Type           Power      Damage    Failure   Level
a - Beastly Appendage     Tmut           20%        N/A       4%          1
b - Wereblood             Tmut           10%        N/A       7%          2
c - Summon Guardian Gole  Hex/Summ       1%         N/A       61%         3
x - Spider Form           Tmut/Pois      9%         N/A       19%         3

Your spell library contained the following spells:

 Spells                   Type           Power      Damage    Failure   Level
 Dazzling Flash           Conj/Hex       2%         N/A       61%         3
 Ice Form                 Ice/Tmut       6%         N/A       73%         4
 Agony                    Necr           1%         N/A       100%        5
 Silence                  Hex/Air        0%         N/A       100%        5
 Orb of Destruction       Conj           0%         9d5       100%        7
 Spellforged Servitor     Conj/Summ      0%         N/A       100%        7


Dungeon Overview and Level Annotations

Branches:
Dungeon (7/15)             Temple (1/1) D:4           Sewer (visited)

Altars:
Cheibriados
Hepliaklqana
Makhleb
Qazlal
Ru
Uskayaw
Wu Jian
Xom
Yredelemnul
The Shining One


Innate Abilities, Weirdness & Mutations

Your life essence is reduced to manifest your ancestor. (-10% HP)
You are too large for most types of armour.
You have claws for hands.
Your natural rate of healing is unusually fast.
You are covered in fur. (AC +1)
You have tough skin. (AC +1)


Message History

The killer bee stings you.
You miss the killer bee. The killer bee closely misses you.
The killer bee stings you but does no damage.
You barely miss the killer bee.
The killer bee stings you but does no damage.
The killer bee closely misses you.
A wight comes into view. It is wielding a +2 scimitar.
You miss the killer bee.
The killer bee stings you but does no damage.
The killer bee closely misses you.
You barely miss the killer bee. Your claw misses the killer bee.
The killer bee stings you.
You are poisoned.
The killer bee poisons you!
Your blood is infused with primal strength.
You feel very sick. The killer bee stings you.
You are more poisoned.
The killer bee poisons you! The wight hits you with a +2 scimitar.
The killer bee stings you.
You closely miss the killer bee.
You feel very sick. The killer bee stings you.
You are more poisoned.
The killer bee poisons you! The wight barely misses you.
The killer bee stings you but does no damage.
Your magical contamination has completely faded away.
You claw the killer bee!
You feel very sick. The killer bee stings you.
The wight hits you with a +2 scimitar!
* * * LOW HITPOINT WARNING * * *
The killer bee stings you.
* * * LOW HITPOINT WARNING * * *
You miss the killer bee.
You feel very sick. The killer bee barely misses you.
The wight hits you with a +2 scimitar!
* * * LOW HITPOINT WARNING * * *
You feel drained.
* * * LOW HITPOINT WARNING * * *
You claw the killer bee!
You feel sick. The killer bee barely misses you.
The killer bee stings you but does no damage.
The wight hits you with a +2 scimitar.
* * * LOW HITPOINT WARNING * * *
You feel drained.
* * * LOW HITPOINT WARNING * * *
You mangle the killer bee!!
You feel a bit better.
You kill the killer bee!
* * * LOW HITPOINT WARNING * * *
You feel sick. The wight hits you with a +2 scimitar.
You die...

.# ###. #.. #..
... #.# .. #
##.##.# ###
#.###..$#.##..
#....z#...#.#
#.@#....#
#.##....# ##
###..# #.#...##
##### #.....##
...## ##.#...##
##..##.
#.##...###.###..
#. #.#.........#
#. #.[..........


You could see a wight.

Vanquished Creatures
  A komodo dragon (D:7)
  A hornet (D:7)
  Sigmund (D:5)
  A steam dragon (D:7)
  Duvessa (D:6)
  4 black bears
  2 orc warriors (D:7)
  An ice beast (D:6)
  2 ogres
  2 centaurs
  A phantom (D:6)
  A kobold brigand (Sewer)
  A bullfrog (D:6)
  4 scorpions
  2 necrophages (D:5)
  Dowan (D:6)
  A killer bee (D:7)
  3 hounds (D:5)
  4 orc priests
  2 gnoll boudas (D:5)
  A jelly (D:4)
  3 iguanas
  Natasha (twice) (D:4)
  An orc wizard (D:5)
  7 gnolls (D:5)
  6 adders
  A river rat (Sewer)
  2 white imps
  2 ufetubi
  4 worms
  A dart slug (D:4)
  11 orcs
  3 bats
  8 endoplasms
  6 giant cockroaches
  4 goblins
  11 hobgoblins
  4 jackals (D:1)
  12 kobolds
  3 quokkas
  10 ball pythons
  A frilled lizard (D:1)
  12 rats
151 creatures vanquished.

Vanquished Creatures (others)
  2 knights (D:7)
2 creatures vanquished.

Grand Total: 153 creatures vanquished

Notes
Turn   | Place    | Note
-------+----------+-------------------------------------------
     0 | D:1      | Pooter the Troll Transmuter began the quest for the Orb.
     0 | D:1      | Reached XP level 1. HP: 18/18 MP: 1/1
   137 | D:1      | Reached skill level 1 in Fighting
   162 | D:1      | Reached XP level 2. HP: 27/27 MP: 3/3
   634 | D:1      | Learned a level 2 spell: Wereblood
   747 | D:1      | Reached XP level 3. HP: 33/33 MP: 4/4
  1077 | D:1      | Found a shimmering altar of Xom.
  1955 | D:4      | Reached XP level 4. HP: 41/41 MP: 5/5
  1965 | D:4      | Found a snail-covered altar of Cheibriados.
  1965 | D:4      | Found a sacrificial altar of Ru.
  2043 | D:4      | Noticed an ogre
  2056 | D:4      | Reached skill level 4 in Unarmed Combat
  2091 | D:4      | Found a staircase to the Ecumenical Temple.
  2092 | D:4      | Noticed a scorpion
  2101 | D:4      | Killed a scorpion
  2102 | D:4      | Reached XP level 5. HP: 17/49 MP: 4/6
  2163 | Temple   | Entered the Ecumenical Temple
  2199 | Temple   | Became a worshipper of Hepliaklqana the Forgotten
  2305 | D:4      | Reached XP level 6. HP: 22/57 MP: 4/8
  2352 | D:4      | Learned a level 3 spell: Spider Form
  2369 | D:4      | Found a glowing golden altar of the Shining One.
  2431 | D:4      | Noticed Natasha
  2445 | D:4      | Killed Natasha
  2547 | D:4      | Noticed Natasha
  2551 | D:4      | Killed Natasha
  2552 | D:4      | Reached skill level 5 in Unarmed Combat
  2627 | D:5      | Entered Level 5 of the Dungeon
  2666 | D:4      | Reached skill level 1 in Invocations
  2676 | D:5      | Reached XP level 7. HP: 48/66 MP: 5/9
  2682 | D:5      | Noticed Sigmund
  2713 | D:5      | Found a glowing drain.
  2727 | Sewer    | Entered a sewer
  3143 | D:5      | Killed Sigmund
  3144 | D:5      | Reached skill level 6 in Unarmed Combat
  3196 | D:5      | Reached skill level 1 in Evocations
  3252 | D:5      | Reached skill level 1 in Poison Magic
  3252 | D:5      | Reached XP level 8. HP: 68/75 MP: 8/10
  4214 | D:5      | Reached * piety under Hepliaklqana
  4230 | D:5      | Found a stormy altar of Qazlal.
  4285 | D:6      | Learned a level 3 spell: Summon Guardian Golem
  4380 | D:6      | Noticed Duvessa
  4380 | D:6      | Noticed Dowan
  4389 | D:6      | Killed Duvessa
  4390 | D:6      | Reached skill level 7 in Unarmed Combat
  4394 | D:6      | Killed Dowan
  4570 | D:6      | Reached XP level 9. HP: 75/75 MP: 10/12
  5110 | D:7      | Reached ** piety under Hepliaklqana
  5111 | D:7      | Remembered your ancestor Kaya as a knight
  5133 | D:7      | Reached skill level 1 in Ranged Weapons
  5189 | D:7      | Noticed a two-headed ogre
  5193 | D:7      | Noticed a troll
  5318 | D:7      | Noticed a komodo dragon
  5332 | D:7      | Killed a komodo dragon
  5428 | D:7      | HP: 2/73 [wight/+2 scimitar (4)]
  5429 | D:7      | Slain by a wight

Illustrated notes

Levels and vault maps discovered:
D:1:      dpeg_arrival_water_altar, layout_basic
D:2:      layout_rooms
D:3:      layout_rooms
D:4:      layout_cave_pools, grunt_temple_overflow_open,
          mainiacjoe_overflow_catwalk, minmay_temple_entry_proselytizer,
          uniq_natasha
D:5:      layout_basic, mainiacjoe_overflow_alcove_4, portal_sewer_entry_b,
          grunt_ministairs_6, uniq_sigmund
D:6:      layout_basic, uniq_duvessa
D:7:      minmay_the_grid_octo_2x2 [minmay_the_grid_octo_fat_diamond,
          minmay_the_grid_octo_empty, minmay_the_grid_octo_toaster,
          minmay_the_grid_octo_prize_square_snowflake], layout_loops_ring,
          vehumet_crystals, serial_shops, nicolae_inconvenience_store,
          dk_rats_in_the_wall
Temple:   oiseaux_autumnal_temple

Skill      XL: |  1  2  3  4  5  6  7  8  9 |
---------------+----------------------------+-----
Fighting       | 1 2 3 4 |  4.1
Unarmed Combat | 4 5 6 7 |  7.8
Transmutations | 2 3 4 |  4.1
Spellcasting   | 2 3 |  3.3
Invocations    | 1 2 3 |  3.6
Evocations     | 1 2 |  2.5
Poison Magic   | 1 2 |  2.6
Ranged Weapons | 1 |  1.5
Dodging        | |  1.5

Action                   |  1- 3 |  4- 6 |  7- 9 || total
-------------------------+-------+-------+-------++-------
Melee: Unarmed           |   110 |    81 |   196 ||   387
       Kick              |     2 |    11 |    36 ||    49
       Punch             |     2 |     2 |     5 ||     9
       Headbutt          |       |     1 |    17 ||    18
 Fire: Shortbow          |       |       |    17 ||    17
       Arbalest          |       |       |    12 ||    12
Throw: Stone             |    33 |     8 |    18 ||    59
       Dart              |       |       |     2 ||     2
 Cast: Beastly Appendage |     2 |     6 |    26 ||    34
       Wereblood         |       |     4 |     8 ||    12
Invok: Ancestor Life: Kn |       |       |     1 ||     1
Evoke: Wand              |       |       |     9 ||     9
  Use: Scroll            |     7 |     2 |     7 ||    16
       Potion            |       |       |     2 ||     2
 Stab: Paralysed         |       |       |     1 ||     1
       Distracted        |       |       |     1 ||     1
Armor: Robe              |    27 |    34 |   116 ||   177
Dodge: Dodged            |    49 |    32 |   104 ||   185
